 Dungeon Crawl Stone Soup version 0.27.1-34-g3ba077fa99 (webtiles) character file.

Game seed: 17196877105119514179

1670 cbfl8 the Sneak (level 8, -4/70 HPs)
             Began as a Minotaur Delver on Jan 20, 2022.
             Was an Initiate of Yredelemnul.
             Slain by a two-headed ogre (20 damage)
             ... on level 6 of the Dungeon.
             The game lasted 00:16:08 (7734 turns).

cbfl8 the Sneak (Minotaur Delver)                   Turns: 7734, Time: 00:16:09

Health: -4/70      AC:  9    Str: 16    XL:     8   Next: 70%
Magic:  7/7        EV:  7    Int:  9    God:    Yredelemnul [......]
Gold:   297        SH: 15    Dex: 19    Spells: 7/7 levels left

rFire    . . .     SeeInvis .   x - +2 dagger (drain)
rCold    . . .     Faith    +   D - +2 tower shield
rNeg     . . .     Spirit   .   E - +0 scale mail
rPois    .         Reflect  .   (helmet restricted)
rElec    .         Harm     .   (no cloak)
rCorr    .         Rampage  .   (no gloves)
Will     +....                  s - +0 pair of boots
Stlth    ++........             A - amulet of faith
HPRegen  0.21/turn              i - +6 ring of dexterity
MPRegen  0.10/turn              z - ring of willpower

@: studying Throwing
A: horns 2, retaliatory headbutt
a: Renounce Religion


You were on level 6 of the Dungeon.
You worshipped Yredelemnul.
Yredelemnul was noncommittal.
You visited 2 branches of the dungeon, and saw 7 of its levels.

You collected 297 gold pieces.

Inventory:

Hand Weapons
 a - a +0 hand axe
 x - a +2 dagger of draining (weapon)
 I - the +6 hunting sling of Tartarus {speed, rPois rF+ rCorr SInv}
   (You found it on level 6 of the Dungeon)

   Attacks with this weapon are significantly faster.
   rF:        It protects you from fire.
   rPois:     It protects you from poison.
   SInv:      It lets you see invisible.
   rCorr:     It protects you from acid and corrosion.
Missiles
 w - 17 poisoned darts (quivered)
 B - 4 curare-tipped darts
Armour
 b - a +0 leather armour
 k - a +0 ring mail
 s - a +0 pair of boots (worn)
 D - a +2 tower shield (worn)
 E - a +0 scale mail (worn)
Magical Staves
 r - a staff of earth
Jewellery
 i - a +6 ring of dexterity (left hand)
 u - a ring of wizardry
 z - a ring of willpower (right hand)
 A - an amulet of faith (around neck)
 H - a ring of resist corrosion
Wands
 g - a wand of digging (3)
 h - a wand of charming (8)
 C - a wand of mindburst (5)
Scrolls
 c - a scroll of fog
 d - 4 scrolls of magic mapping
 e - a scroll of fear
 j - 3 scrolls of teleportation {unknown}
 m - 2 scrolls of identify {unknown}
 n - a scroll of summoning {unknown}
 o - a scroll of amnesia {unknown}
 p - a scroll of enchant weapon {unknown}
 t - 2 scrolls of vulnerability {unknown}
 y - a scroll of noise {unknown}
 G - a scroll of immolation {unknown}
Potions
 f - 2 potions of haste
 l - a potion of attraction {unknown}
 q - a potion of lignification {unknown}
 v - 3 potions of curing {unknown}
 F - a potion of mutation {unknown}


   Skills:
 + Level 5.9 Fighting
 + Level 4.1 Short Blades
 + Level 5.5 Axes
 + Level 6.4 Armour
 + Level 3.9 Dodging
 + Level 6.5 Stealth
 + Level 2.2 Shields


You had 7 spell levels left.
You didn't know any spells.
Your spell library contained the following spells:

 Spells                   Type           Power      Damage    Failure   Level
 Freeze                   Ice            0%         1d3       100%        1
 Frozen Ramparts          Ice            0%         1d2       100%        3
 Hailstorm                Conj/Ice       0%         3d3       100%        4


Dungeon Overview and Level Annotations

Branches:
Dungeon (6/15)             Temple (1/1) D:5

Altars:
Ashenzari
Cheibriados
Dithmenos
Elyvilon
Fedhas
Gozag
Hepliaklqana
Makhleb
Nemelex Xobeh
Okawaru
Qazlal
Ru
Sif Muna
Trog
Uskayaw
Vehumet
Wu Jian
Xom
Yredelemnul
Zin
The Shining One

Shops:
D:6 :

Annotations:
D:4 3 runed translucent doors, Ironcache's ghost, amateur HuWn


Innate Abilities, Weirdness & Mutations

You have a pair of horns on your head.
You reflexively headbutt those who attack you in melee.


Message History

v - 3 bubbling red potions (gained 1)
An ufetubus comes into view.
The ufetubus shouts!
You block the ufetubus's attack.
The ufetubus hits you but does no damage.
You block the ufetubus's attack.
The ufetubus hits you but does no damage.
The ufetubus hits you but does no damage.
The ufetubus barely misses you.
You hit the ufetubus but do no damage. The ufetubus hits you.
The ufetubus hits you but does no damage.
The ufetubus closely misses you. You furiously retaliate!
You headbutt the ufetubus!
You kill the ufetubus!
Yredelemnul accepts your kill.
Found a bubbling yellow potion.
Unknown command.
Found 11 gold pieces.
The centaur shouts!
You hear two shouts!
Found 10 sling bullets.
A two-headed ogre comes into view.
It is wielding a +0 giant spiked club and a +0 dire flail.
A jelly comes into view.
The two-headed ogre shouts in stereo!
You hear a shout!
The jelly quivers.
You hit the two-headed ogre.
The two-headed ogre is lightly wounded.
You block the two-headed ogre's attack.
The two-headed ogre hits you with a +0 dire flail!
You hit the two-headed ogre.
You headbutt the two-headed ogre, but do no damage.
The two-headed ogre is lightly wounded.
The two-headed ogre hits you with a +0 giant spiked club!!
The two-headed ogre hits you with a +0 dire flail!!
* * * LOW HITPOINT WARNING * * *
The jelly closely misses you. You furiously retaliate!
You headbutt the jelly.
As you read the scroll of fog, it crumbles to dust.
The scroll dissolves into smoke.
The jelly barely misses you.
The two-headed ogre hits you with a +0 giant spiked club!!
You die...
Your body rises from the dead as a mindless zombie.

..........#$#....#
##.....####.####.#
.#..#..# c#^#^ #.#
.#..##.##^#.#Z##.##
...###.#.^#.#^.#..#
.......## #.# ##.(#
.......# #.§#
.......####.####§§#
...............§@§#
...............JO§#
..............§§..#
..................#
..................#
..................#
...........#.....##
...........#......
......∩..


You could see a two-headed ogre and a jelly.

Vanquished Creatures
  A wraith (D:5)
  2 water moccasins
  A black bear (D:6)
  2 ogres (D:5)
  2 phantoms
  A kobold brigand (D:6)
  2 scorpions
  A water moccasin zombie (D:5)
  A centaur zombie (D:6)
  3 bullfrog zombies (D:5)
  2 jellies
  3 hounds (D:4)
  A bullfrog skeleton (D:5)
  A gnoll shaman (D:4)
  3 iguanas
  A hound skeleton (D:4)
  3 gnolls (D:4)
  10 adders
  A white imp (D:5)
  An ufetubus (D:6)
  A worm (D:3)
  4 dart slugs
  7 orcs
  7 endoplasms
  A giant cockroach (D:4)
  11 hobgoblins
  7 kobolds
  A quokka (D:4)
  9 ball pythons
  6 bats
  2 frilled lizards (D:3)
  9 goblins
  3 rats
110 creatures vanquished.

Notes
Turn   | Place    | Note
-------+----------+-------------------------------------------
     0 | D:5      | cbfl8 the Minotaur Delver began the quest for the Orb.
     0 | D:5      | Reached XP level 1. HP: 19/19 MP: 0/0
    25 | D:5      | Noticed an ogre
   139 | D:5      | Reached XP level 2. HP: 11/27 MP: 1/1
   139 | D:5      | Reached XP level 3. HP: 14/33 MP: 2/2
   532 | D:4      | Found a hazy altar of Hepliaklqana.
   533 | D:4      | Found an ornate altar of the Wu Jian Council.
   535 | D:4      | Found a radiant altar of Vehumet.
   607 | D:4      | Found a snail-covered altar of Cheibriados.
   607 | D:4      | Found a shadowy altar of Dithmenos.
   607 | D:4      | Found a burning altar of Makhleb.
   607 | D:4      | Found a stormy altar of Qazlal.
   608 | D:4      | Found a sacrificial altar of Ru.
   609 | D:4      | Found a shimmering altar of Xom.
   610 | D:4      | Found an iron altar of Okawaru.
   611 | D:4      | Found a shimmering blue altar of Sif Muna.
   651 | D:4      | Reached skill level 1 in Armour
   656 | D:4      | Noticed a scorpion
   665 | D:4      | Killed a scorpion
   666 | D:4      | Reached skill level 5 in Stealth
   666 | D:4      | Reached XP level 4. HP: 21/40 MP: 3/3
   975 | D:4      | Reached XP level 5. HP: 38/46 MP: 4/4
  1030 | D:3      | Noticed a water moccasin
  1041 | D:3      | Killed a water moccasin
  1128 | D:3      | Noticed a phantom
  1380 | D:3      | Killed a phantom
  1381 | D:3      | Reached XP level 6. HP: 29/53 MP: 5/5
  4201 | D:4      | Reached XP level 7. HP: 60/60 MP: 6/6
  4308 | D:4      | Reached skill level 5 in Fighting
  4683 | D:4      | Found a runed translucent gate.
  4683 | D:4      | Found a runed translucent gate.
  4683 | D:4      | Found a runed translucent gate.
  4688 | D:4      | Noticed Ironcache's ghost (amateur HuWn)
  5239 | D:5      | Reached skill level 5 in Axes
  5493 | D:5      | Reached skill level 1 in Short Blades
  5845 | D:5      | Noticed a wraith
  5852 | D:5      | Killed a wraith
  5853 | D:5      | Reached skill level 5 in Armour
  5853 | D:5      | Reached XP level 8. HP: 47/69 MP: 7/7
  6574 | D:5      | Found a staircase to the Ecumenical Temple.
  6580 | Temple   | Entered the Ecumenical Temple
  6649 | Temple   | Became a worshipper of Yredelemnul the Dark
  7447 | D:6      | Reached skill level 1 in Shields
  7524 | D:6      | Identified the +6 hunting sling of Tartarus {speed, rPois
                  | rF+ rCorr SInv}
  7530 | D:6      | Found a hide-covered altar of Uskayaw.
  7658 | D:6      | Found Goullurch's Book Shoppe.
  7728 | D:6      | Noticed a two-headed ogre
  7734 | D:6      | Slain by a two-headed ogre

Illustrated notes

Levels and vault maps discovered:
D:1:      doesnt_arrival_eight_statues, layout_rooms
D:2:      layout_loops_ring
D:3:      layout_loops_cross, feat_on_display
D:4:      kennysheep_six_static_rooms, layout_loops_ring, minitemple,
          gammafunk_ghost_necromancy
D:5:      layout_loops_ring, minmay_temple_entry_fiery,
          hangedman_abyss_or_decor_jellyfish_corner, minmay_misc_feat_tiny,
          hangedman_decor_diamond_cutter, minmay_manual_monstrance
D:6:      layout_cave_pools, general_overflow_altar, serial_shops, shop,
          serial_park_tiny_2, grunt_tough_drop, uniq_eustachio
Temple:   dpeg_three_leaves_temple

Skill      XL: |  1  2  3  4  5  6  7  8 |
---------------+-------------------------+-----
Armour         | 1 2 3 5 6 |  6.4
Fighting       | 4 5 |  5.9
Stealth        | 5 6 |  6.5
Axes           | 3 4 5 |  5.5
Dodging        | 3 |  3.9
Short Blades   | 1 4 |  4.1
Shields        | 2 |  2.2

Action                   |  1- 3 |  4- 6 |  7- 9 || total
-------------------------+-------+-------+-------++-------
Melee: Hand axe          |    28 |   168 |    25 ||   221
       Headbutt          |     6 |    28 |    35 ||    69
       Dagger            |       |       |   130 ||   130
  Use: Scroll            |       |       |     1 ||     1
 Stab: Sleeping          |       |     7 |     5 ||    12
       Distracted        |       |     1 |       ||     1
Armor: Leather armour    |     3 |       |       ||     3
       Ring mail         |     9 |    63 |    50 ||   122
       Scale mail        |       |       |    14 ||    14
Dodge: Dodged            |    11 |    97 |    96 ||   204
Block: Tower shield      |       |       |    66 ||    66
